 Dungeon Sprint DCSS version 0.27-a0-1147-gb3d8e82157 (webtiles) character file.

Game seed: 16216621288623413464

336 Zeld the Transmogrifier (level 6, 0/44 HPs)
             Began as an Octopode Transmuter on May 12, 2021.
             Was a Follower of Sif Muna.
             Slain by an Executioner (6 damage)
             ... in the Dungeon (Sprint V: "Ziggurat Sprint").
             The game lasted 00:00:53 (134 turns).

Zeld the Transmogrifier (Octopode Transmuter)        Turns: 134, Time: 00:00:54

Health: 0/44       AC:  1    Str: 23    XL:     6   Next: 54%
Magic:  14/15      EV: 14    Int: 27    God:    Sif Muna [*.....]
Gold:   0          SH:  0    Dex: 13    Spells: 2/17 levels left

rFire    . . .     SeeInvis .     - Unarmed
rCold    . . .     Faith    .   (no shield)
rNeg     . . .     Spirit   .   (helmet restricted)
rPois    .         Reflect  .   (no amulet)
rElec    .         Harm     .   v - +6 ring of strength
rCorr    .         Rampage  .   u - +6 ring of strength
Will     .....     NoTele   +   t - +6 ring of intelligence
Stlth    ++........             s - +6 ring of intelligence
HPRegen  0.14/turn              (no ring)
MPRegen  0.14/turn              (no ring)
                                (no ring)
                                (no ring)

@: no status effects
A: almost no armour, amphibious, 8 rings, camouflage 1, gelatinous body 1,
(nimble swimmer 1), tentacles
a: Renounce Religion, Channel Magic


You were in the Dungeon.
You worshipped Sif Muna.
Sif Muna was aware of your devotion.
You visited 1 branch

Inventory:

Jewellery
 s - a +6 ring of intelligence (on tentacle)
 t - a +6 ring of intelligence (on tentacle)
 u - a +6 ring of strength (right tentacle)
 v - a +6 ring of strength (left tentacle)
Wands
 p - a wand of mindburst (7)
 q - a wand of iceblast (3)
 r - a wand of acid (7)
Scrolls
 g - 4 scrolls of blinking
 j - 4 scrolls of amnesia
 l - 7 scrolls of fog
 m - a scroll of holy word
 n - 5 scrolls of identify
 o - 2 scrolls of fear
Potions
 a - 2 potions of brilliance
 b - 10 potions of curing
 c - 10 potions of heal wounds
 d - 6 potions of haste
 e - 7 potions of magic
 f - 3 potions of berserk rage
 h - a potion of invisibility
 i - 4 potions of resistance
 k - 5 potions of might
Miscellaneous
 w - a lightning rod (3/4)
 x - a tin of tremorstones (2/2)


   Skills:
 + Level 4.4 Fighting
 + Level 5.0 Dodging
 - Level 3.0 Unarmed Combat
 + Level 6.0 Spellcasting
 * Level 9.0 Transmutations
 * Level 6.7 Invocations


You had 2 spell levels left.
You knew the following spells:

 Your Spells              Type           Power      Damage    Failure   Level
a - Beastly Appendage     Tmut           100%       N/A       1%          1
b - Wereblood             Tmut           54%        N/A       1%          2
c - Spider Form           Tmut/Pois      16%        N/A       3%          3
d - Ice Form              Ice/Tmut       32%        N/A       10%         4
e - Hydra Form            Tmut           27%        N/A       4%          5

Your spell library contained the following spells:

 Spells                   Type           Power      Damage    Failure   Level


Dungeon Overview and Level Annotations

Branches:
Dungeon (1/1)

Altars:
Ashenzari
Cheibriados
Dithmenos
Elyvilon
Fedhas
Gozag
Hepliaklqana
Kikubaaqudgha
Makhleb
Nemelex Xobeh
Okawaru
Qazlal
Ru
Sif Muna
Trog
Uskayaw
Vehumet
Wu Jian
Xom
Yredelemnul
Zin
The Shining One
Beogh
Jiyva
Lugonu

Annotations:
D 1 transporter


Innate Abilities, Weirdness & Mutations

You cannot wear most types of armour.
You are amphibious.
You can wear up to eight rings at the same time.
Your skin changes colour to match your surroundings (Stealth+).
Your rubbery body absorbs attacks. (AC +1, EV +1)
((You are camouflaged near water. (Stealth+)))
You have tentacles for arms and can constrict up to eight enemies at once.


Message History

There is a transporter here.
Welcome to arena 2.
You enter the transporter and appear at another place.
A crimson imp, a shadow imp and an Executioner come into view.
The Executioner gives a hideous shriek!
The shadow imp shouts, "Scamper home, thou feckless guts-griping reprobate!"
The crimson imp shouts!
Found three items.
Found a transporter.
Unknown command.
Aiming: Iceblast
Press: ? - help, Shift-Dir - straight line, f - Executioner
Aim: an Executioner The mass of ice explodes!
The iceblast engulfs the Executioner.
The Executioner partially resists.
The Executioner is lightly wounded.
The iceblast engulfs the shadow imp!
The shadow imp partially resists.
The shadow imp is heavily wounded.
The iceblast engulfs the crimson imp!
The crimson imp is frozen!
You kill the crimson imp!
Sif Muna accepts your kill. The shadow imp gestures at you.
Pain shoots through your body!
Your Dodging skill increases to level 5!
Your Spellcasting skill increases to level 6!
Your Transmutations skill increases to level 9!
Aiming: Thunderbolt
Press: ? - help, Shift-Dir - straight line, f - shadow imp, p - Executioner
Aim: a shadow imp (heavily wounded)
The thunderbolt hits the shadow imp!
You kill the shadow imp!
Sif Muna accepts your kill.
You can now call upon Sif Muna for magical energy.
The thunderbolt hits the Executioner.
The Executioner resists.
The Executioner is lightly wounded.
The Executioner hits you!!
* * * LOW HITPOINT WARNING * * *
The Executioner hits you!
* * * LOW HITPOINT WARNING * * *
The Executioner hits you.
You die...

▓▓▓▓▓▓▓▓▓▓▓▓▓
▓.8©8.▓.8©8.▓
▓.="}.▓.....▓
▓.....▓..)).▓
▓.....▓..)..▓
▓.....▓.....▓
▓..1..▓..©..▓
▓..@..▓▓▓▓▓▓▓
▓▓▓▓▓▓▓


You could see an Executioner.

Vanquished Creatures
  A yaktaur (D)
  A crimson imp (D)
  A shadow imp (D)
3 creatures vanquished.

Vanquished Creatures (others)
  A centaur (D)
1 creature vanquished.

Grand Total: 4 creatures vanquished

Notes
Turn   | Place    | Note
-------+----------+-------------------------------------------
     0 | D        | Zeld the Octopode Transmuter began the quest for the Orb.
     0 | D        | Reached XP level 1. HP: 13/13 MP: 3/3
     0 | D        | Found a blossoming altar of Fedhas.
     1 | D        | Found the +6 Majin-Bo {vamp, MP+6 Int+6}
     1 | D        | Found the +9 heavy crossbow "Sniper" {vorpal, Acc+∞ SInv}
     1 | D        | Found the +10 dark maul {vorpal}
     1 | D        | Found the +15 Maxwell's patent armour {-Cast -Tele rElec
                  | Will+ rCorr}
     1 | D        | Found the +18 shield of the Gong {rElec rN+ Will+ EV-5}
     1 | D        | Found the +14 obsidian axe {vorpal, Drain Fly SInv}
     1 | D        | Found the +7 great mace "Firestarter" {inner flame, rF++}
     1 | D        | Found the +6 shillelagh "Devastator" {shatter}
     1 | D        | Found the +11 plutonium sword {Contam Stlth-}
     1 | D        | Found the +8 lance "Wyrmbane" {slay drac, rPois rF+ rC+
                  | AC+3}
     1 | D        | Found the +9 sword of Zonguldrok {reap}
     1 | D        | Found the +13 scythe of Curses {drain, Drain}
     1 | D        | Found the +5 sword of Power {vorpal}
     1 | D        | Found the +7 mace of Variability {chain chaos}
     1 | D        | Found the +7 Singing Sword {vorpal, sonic wave}
     1 | D        | Found the +8 storm bow {elec, penet}
     1 | D        | Found a shimmering blue altar of Sif Muna.
     1 | D        | Found a sacrificial altar of Ru.
     1 | D        | Found a bloodstained altar of Trog.
     1 | D        | Found a stormy altar of Qazlal.
     1 | D        | Found an iron altar of Okawaru.
     1 | D        | Found a sparkling altar of Nemelex Xobeh.
     3 | D        | Reached skill level 6 in Transmutations
     3 | D        | Reached XP level 2. HP: 18/18 MP: 4/7
     4 | D        | Found a transporter.
     4 | D        | Found an ancient bone altar of Kikubaaqudgha.
     4 | D        | Found a viscous altar of Jiyva.
     4 | D        | Found a corrupted altar of Lugonu.
     4 | D        | Found a hazy altar of Hepliaklqana.
     4 | D        | Found a burning altar of Makhleb.
     4 | D        | Found an opulent altar of Gozag.
    27 | D        | Became a worshipper of Sif Muna the Loreminder
    46 | D        | Learned a level 2 spell: Wereblood
    63 | D        | Entered arena 2.
    63 | D        | Noticed a centaur
    63 | D        | Noticed a yaktaur
    63 | D        | Found a transporter.
    64 | D        | Found the +12 glaive of Prune {vorpal}
    66 | D        | Killed a centaur
    67 | D        | Reached skill level 7 in Transmutations
    67 | D        | Reached XP level 3. HP: 14/24 MP: 9/9
    67 | D        | Reached XP level 4. HP: 17/29 MP: 10/10
    67 | D        | Killed a yaktaur
    68 | D        | Reached skill level 5 in Spellcasting
    68 | D        | Reached skill level 8 in Transmutations
    68 | D        | Reached XP level 5. HP: 22/37 MP: 11/13
    68 | D        | Reached XP level 6. HP: 26/43 MP: 11/14
    72 | D        | Learned a level 3 spell: Spider Form
    77 | D        | Learned a level 4 spell: Ice Form
    83 | D        | Learned a level 5 spell: Hydra Form
   132 | D        | Entered arena 3.
   132 | D        | Noticed an Executioner
   132 | D        | Found a transporter.
   134 | D        | Reached skill level 5 in Dodging
   134 | D        | Reached skill level 9 in Transmutations
   134 | D        | Reached * piety under Sif Muna
   134 | D        | Slain by an Executioner

Illustrated notes

Levels and vault maps discovered:
D:        sprint_v [room_start, room_1, room_2, room_3, room_4, room_5, room_6,
          room_7, room_8, room_9, room_10, room_11, room_12, room_13, room_14,
          room_15, room_16, room_17, room_18, room_19, room_20, room_21,
          room_22, room_23, room_24, room_25, room_26, room_27]

Skill      XL: |  1  2  3  4  5  6 |
---------------+-------------------+-----
Spellcasting   | 4 5 6 |  6.0
Transmutations | 6 7 8 9 |  9.0
Fighting       | 2 4 |  4.4
Invocations    | 3 6 |  6.7
Dodging        | 4 5 |  5.0
Unarmed Combat | |  3.0

Action                   |  1- 3 |  4- 6 || total
-------------------------+-------+-------++-------
 Cast: Beastly Appendage |     1 |       ||     1
Evoke: Wand              |     2 |     2 ||     4
       Lightning rod     |       |     1 ||     1
  Use: Potion            |     2 |       ||     2

Table legend: (Time is in decaauts)
 A = Elapsed time spent in this place.
 B = Non-inter-level travel time spent in this place.
 C = Inter-level travel time spent in this place.
 D = Time resting spent in this place.
 E = Time spent auto-exploring this place.
 F = Levels seen in this place.
 G = Mean time per level.
                   A        B        C        D        E       F      G
               +--------+--------+--------+--------+--------+-----+--------+
         Total |    132 |    132 |      0 |     40 |      0 |   1 |  132.0 |
       Dungeon |    132 |    132 |      0 |     40 |      0 |   1 |  132.0 |
               +--------+--------+--------+--------+--------+-----+--------+

Top non-repeatable levels by time:
       D: 132 daAuts
